 Dungeon Crawl Stone Soup version 0.27.1-34-g3ba077fa99 (webtiles) character file.

Game seed: 17750337570442540527

10 raph the Magician (level 2, -1/15 HPs)
             Began as a Tengu Hedge Wizard on Jan 30, 2022.
             Slain by a kobold (4 damage)
             ... on level 2 of the Dungeon.
             The game lasted 00:01:11 (455 turns).

raph the Magician (Tengu Hedge Wizard)               Turns: 455, Time: 00:01:11

Health: -1/15      AC:  2    Str: 10    XL:     2   Next: 20%
Magic:  1/7        EV: 12    Int: 20    God:
Gold:   0          SH:  0    Dex: 13    Spells: 2/7 levels left

rFire    . . .     SeeInvis .   a - +0 dagger
rCold    . . .     Faith    .   (no shield)
rNeg     . . .     Spirit   .   b - +0 robe
rPois    .         Reflect  .   c - +0 hat
rElec    .         Harm     .   (no cloak)
rCorr    .         Rampage  .   (no gloves)
Will     .....                  (boots unavailable)
Stlth    ++........             (no amulet)
HPRegen  0.05/turn              f - +6 ring of intelligence
MPRegen  0.10/turn              (no ring)

@: no status effects
A: beak, talons 3
a: no special abilities


You were on level 2 of the Dungeon.
You visited 1 branch of the dungeon, and saw 2 of its levels.

Inventory:

Hand Weapons
 a - a +0 dagger (weapon)
Missiles
 e - 11 poisoned darts
Armour
 b - a +0 robe (worn)
 c - a +0 hat (worn)
Jewellery
 f - a +6 ring of intelligence (left hand)
Potions
 d - a potion of curing {unknown}
 g - a potion of heal wounds {unknown}


   Skills:
 + Level 2.2 Dodging
 + Level 2.1 Stealth
 + Level 3.0 Spellcasting
 * Level 2.0 Conjurations
 + Level 1.6 Summonings
 + Level 1.0 Translocations


You had 2 spell levels left.
You knew the following spells:

 Your Spells              Type           Power      Damage    Failure   Level
a - Magic Dart            Conj           44%        1d5       6%          1
b - Call Imp              Summ           9%         N/A       11%         2
c - Blink                 Tloc           N/A        N/A       14%         2

Your spell library contained the following spells:

 Spells                   Type           Power      Damage    Failure   Level
 Slow                     Hex            3%         N/A       22%         2
 Conjure Flame            Conj/Fire      7%         6-21      28%         3
 Mephitic Cloud           Conj/Pois/Air  5%         N/A       32%         3


Dungeon Overview and Level Annotations

Branches:
Dungeon (2/15)

Altars:


Innate Abilities, Weirdness & Mutations

You have a beak for a mouth.
You have claws for feet.


Message History

As you open the door, it creaks loudly!
A kobold comes into view. It is wielding a +0 dagger.
The kobold shouts!
Found a faded altar of an unknown god.
There is an open door here.
You close the door.
A rat comes into view.
Aiming: Magic Dart (safe; 6% risk of failure)
Press: ? - help, Q - select action, (/) - cycle Shift-Dir - straight line, f - kobold
Aim: a kobold, wielding a +0 dagger (100% to hit)
The magic dart hits the kobold.
The kobold is heavily wounded.
Aiming: Magic Dart (safe; 6% risk of failure)
Press: ? - help, Q - select action, (/) - cycle Shift-Dir - straight line, f/p - kobold
Aim: a kobold, wielding a +0 dagger (heavily wounded, 100% to hit)
The magic dart hits the kobold but does no damage.
The kobold is heavily wounded.
The kobold hits you with a +0 dagger.
Aiming: Magic Dart (safe; 6% risk of failure)
Press: ? - help, Q - select action, (/) - cycle Shift-Dir - straight line, f/p - kobold
Aim: a kobold, wielding a +0 dagger (heavily wounded, 100% to hit)
The magic dart hits the kobold but does no damage.
The kobold is heavily wounded.
The kobold hits you but does no damage. The rat misses you.
Aiming: Magic Dart (safe; 6% risk of failure)
Press: ? - help, Q - select action, (/) - cycle Shift-Dir - straight line, f/p - kobold
Aim: a kobold, wielding a +0 dagger (heavily wounded, 100% to hit)
The magic dart hits the kobold but does no damage.
The kobold is heavily wounded.
The kobold barely misses you. The rat barely misses you.
The kobold hits you with a +0 dagger.
You barely miss the rat. Your kick misses the rat.
The kobold hits you with a +0 dagger.
* * * LOW HITPOINT WARNING * * *
The rat bites you but does no damage. The kobold misses you.
You barely miss the kobold.
The kobold is moderately wounded.
The kobold hits you with a +0 dagger.
You die...

..........+ ...#
..........#
...###...........#
.................#
.................#
.................+
.?...............#
..........#####+#####
......... #....#@Kr.#
K.......# #..#####..#
......... #....#....#
......... #....#....#
.<....... #.###_###.#
......... # ..#. ..#
......... ...#....#
####..... ..#####..#
+#... .. ...#


You could see a kobold and a rat.

Vanquished Creatures
  2 bats (D:1)
  2 endoplasms (D:1)
  A hobgoblin (D:1)
  A kobold (D:1)
  2 ball pythons (D:1)
  A frilled lizard (D:1)
  A rat (D:1)
10 creatures vanquished.

Notes
Turn   | Place    | Note
-------+----------+-------------------------------------------
     0 | D:1      | raph the Tengu Hedge Wizard began the quest for the Orb.
     0 | D:1      | Reached XP level 1. HP: 10/10 MP: 5/5
   303 | D:1      | Reached XP level 2. HP: 15/15 MP: 0/7
   372 | D:1      | Learned a level 2 spell: Call Imp
   375 | D:1      | Learned a level 2 spell: Blink
   407 | D:1      | Reached skill level 1 in Translocations
   423 | D:1      | You fall into a shaft and drop 1 floor!
   435 | D:1      | You fall into a shaft and drop 1 floor!
   437 | D:2      | Found a faded altar of an unknown god.
   455 | D:2      | Slain by a kobold

Illustrated notes

Levels and vault maps discovered:
D:1:      lightli_arrival_lavapool, layout_loops_ring, serial_forest,
          infiniplex_forest_straight_3, infiniplex_forest_lined_corner,
          infiniplex_forest_end_3, infiniplex_forest_clump_tiny,
          infiniplex_forest_end_2
D:2:      layout_basic, shapermc_ecumenical_altar_notcrosses, corexii_shack,
          minmay_misc_feat_nine_boxes, minivault_4, uniq_terence, uniq_sigmund,
          uniq_crazy_yiuf_cottage

Skill      XL: |  1  2 |
---------------+-------+-----
Conjurations   | 2 |  2.0
Translocations | 1 |  1.0
Dodging        | |  2.2
Stealth        | |  2.1
Spellcasting   | |  3.0
Summonings     | |  1.6

Action                   || total
-------------------------++-------
Melee: Dagger            ||     5
       Kick              ||     1
 Cast: Magic Dart        ||    23
       Call Imp          ||     2
Armor: Robe              ||     4
Dodge: Dodged            ||    13
